 Dungeon Crawl Stone Soup version 0.27.1-1-g398f81649c (webtiles) character file.

Game seed: 7883305202657338191

2638 H0rd4k the Martial Artist (level 9, -2/55 HPs)
             Began as an Octopode Transmuter on Sept 22, 2021.
             Was an Initiate of Gozag.
             Slain by an orc warrior (24 damage)
             ... on level 6 of the Dungeon.
             The game lasted 00:11:44 (9540 turns).

H0rd4k the Martial Artist (Octopode Transmuter)     Turns: 9540, Time: 00:11:44

Health: -2/55      AC:  2    Str:  9    XL:     9   Next: 61%
Magic:  15/17      EV: 21    Int: 24    God:    Gozag
Gold:   561        SH:  0    Dex: 18    Spells: 10/18 levels left

rFire    . . .     SeeInvis +     - Unarmed
rCold    . . .     Faith    .   (shield currently unavailable)
rNeg     . . .     Spirit   .   (helmet currently unavailable)
rPois    x         Reflect  .   (no amulet)
rElec    .         Harm     .   k - +6 ring of intelligence
rCorr    .         Rampage  .   r - ring of see invisible
Will     .....                  (no ring)
Stlth    ++........             (no ring)
HPRegen  0.18/turn              (no ring)
MPRegen  0.15/turn              (no ring)
                                (no ring)
                                (no ring)

@: spider-form
A: venomous fangs, almost no armour, (amphibious), 8 rings, tiny, (camouflage
1), (gelatinous body 1), (nimble swimmer 1), (tentacles)
a: End Transformation, Renounce Religion, Potion Petition, Call Merchant, Bribe
Branch


You were on level 6 of the Dungeon.
You worshipped Gozag.
Gozag was pleased with you.
You were a venomous arachnid creature.
You visited 2 branches of the dungeon, and saw 7 of its levels.

You collected 766 gold pieces.
You spent 104 gold pieces at shops.
You paid 101 gold pieces to Gozag.

Inventory:

Missiles
 e - 29 poisoned darts (quivered)
 q - a throwing net
Magical Staves
 f - a staff of death
 g - a staff of conjuration
Jewellery
 k - a +6 ring of intelligence (left front leg)
 r - a ring of see invisible (right front leg)
Wands
 i - a wand of flame (28)
Scrolls
 a - 2 scrolls of brand weapon {unknown}
 b - 2 scrolls of blinking {unknown}
 c - a scroll of enchant armour {unknown}
 d - 8 scrolls of identify
 h - 3 scrolls of magic mapping {unknown}
 p - a scroll of fog {unknown}
 s - a scroll of amnesia {unknown}
 t - a scroll of enchant weapon {unknown}
Potions
 j - 2 potions of might {unknown}
 l - 2 potions of flight {unknown}
 o - a potion of degeneration {unknown}
 u - a potion of attraction {unknown}
 v - a potion of curing {unknown}
 w - a potion of lignification {unknown}


   Skills:
 + Level 2.6 Fighting
 + Level 1.0 Throwing
 + Level 4.0 Dodging
 + Level 0.7 Stealth
 + Level 8.9 Unarmed Combat
 + Level 5.4 Spellcasting
 + Level 5.7 Transmutations
 * Level 0.4 Ice Magic
 + Level 3.4 Poison Magic


You had 10 spell levels left.
You knew the following spells:

 Your Spells              Type           Power      Damage    Failure   Level
a - Beastly Appendage     Tmut           68%        N/A       4%          1
b - Spider Form           Tmut/Pois      14%        N/A       12%         3
c - Ice Form              Ice/Tmut       21%        N/A       45%         4

Your spell library contained the following spells:

 Spells                   Type           Power      Damage    Failure   Level
 Wereblood                Tmut           34%        N/A       6%          2
 Animate Skeleton         Necr           12%        N/A       22%         1
 Pain                     Necr           24%        1d5       22%         1
 Summon Guardian Golem    Hex/Summ       6%         N/A       47%         3
 Vampiric Draining        Necr           3%         2d6       47%         3
 Orb of Destruction       Conj           3%         9d1       100%        7
 Spellforged Servitor     Conj/Summ      3%         N/A       100%        7


Dungeon Overview and Level Annotations

Branches:
Dungeon (6/15)             Temple (1/1) D:5

Altars:
Ashenzari
Cheibriados
Elyvilon
Gozag
Kikubaaqudgha
Nemelex Xobeh
Qazlal
Sif Muna
Wu Jian
Yredelemnul
Beogh

Shops:
D:4 ?   D:5 (?**?

Annotations:
D:3 3 runed translucent doors, exclusion: 3 doors, bobkasz2's ghost, amateur MiFi
D:5 exclusion: 2 downstairs
D:6 Maggie


Innate Abilities, Weirdness & Mutations

You are a venomous arachnid creature.
You have poisonous fangs.
You are tiny and dextrous.
Your spellcasting is less reliable in this form.
Your armour is entirely melded.
You are incapable of wielding weapons or throwing items.
You cannot wear most types of armour.
((You are amphibious.))
You can wear up to eight rings at the same time.
((Your skin changes colour to match your surroundings (Stealth+).))
((Your rubbery body absorbs attacks. (AC +1, EV +1)))
((You are camouflaged near water. (Stealth+)))
((You have tentacles for arms and can constrict up to eight enemies at once.))


Message History

There is an entrance to Itrial's Assorted Antiques here.
There is a fountain of clear blue water here.
There is a shaft here.
Unknown command.
Saving game... please wait.
Level annotation: exclusion: 2 downstairs Welcome back, H0rd4k the Octopode Transmuter.
Gozag says: Greed is good.
Press ? for a list of commands and other information.
Done exploring.
(D) Dungeon (T) Temple
Where to? (? - help)
There is a stone staircase leading down here.
You climb downwards.
Level annotation: Maggie
There is a stone staircase leading up, spattered with blood here.
An orc warrior is nearby!
Cast which spell? (? or * to list)
You turn into a venomous arachnid creature.
The orc warrior shouts!
An orc priest comes into view. It is wielding a +0 hand axe.
Maggie shouts!
The orc warrior completely misses you.
Maggie smiles, but it's obviously fake.
The orc warrior hits you with a +0 glaive!
You bite the orc warrior!
The orc warrior is poisoned.
The orc warrior is moderately wounded.
You hit the orc warrior but do no damage.
The orc warrior looks as sick as possible!
The orc warrior is moderately wounded.
The orc warrior misses you.
You barely miss the orc warrior.
The orc warrior is moderately wounded.
Maggie completely misses you. The orc warrior completely misses you.
You hit the orc warrior but do no damage.
The orc warrior is moderately wounded.
Maggie hits you from afar with a +1 vorpal glaive!
The orc warrior hits you with a +0 glaive!!
You die...
Your body crumbles into a pile of gold.

.. #..# #.##..######
....###..###.##.#
.........$.......###
....###)#$.........
.........)....##.###
$
.........$.$........
.........<..........
............<#####.
....$...s.##..#
......oo..###.#
##....@.#... ..#
####..............#
#.(................
#........(..........
#....................
#.<........ .......
#.........


You could see Maggie, an orc warrior (extremely poisoned) and an orc priest.

Vanquished Creatures
  Pikel (D:5)
  Sigmund (D:5)
  A vampire mosquito (D:5)
  A black bear (D:5)
  2 ogres (D:5)
  A sky beast (D:3)
  3 centaurs (D:5)
  A scorpion (D:5)
  2 water moccasin zombies (D:5)
  2 howler monkeys (D:5)
  A bullfrog zombie (D:5)
  4 jellies
  A centaur zombie (D:3)
  2 hounds (D:5)
  5 orc priests
  3 bullfrog skeletons
  A gnoll shaman (D:4)
  Natasha (thrice) (D:4)
  7 iguanas
  2 orc wizards (D:4)
  A hound skeleton (D:4)
  A howler monkey zombie (D:5)
  8 adders
  5 gnolls
  An ufetubus (D:5)
  A worm (D:2)
  4 dart slugs
  22 orcs
  3 endoplasms
  4 giant cockroaches
  5 goblins
  5 hobgoblins
  4 jackals (D:2)
  A kobold (D:2)
  3 quokkas
  9 ball pythons
  3 bats
  6 frilled lizards
  9 rats
139 creatures vanquished.

Notes
Turn   | Place    | Note
-------+----------+-------------------------------------------
     0 | D:1      | H0rd4k the Octopode Transmuter began the quest for the Orb.
     0 | D:1      | Reached XP level 1. HP: 13/13 MP: 3/3
   344 | D:1      | Reached XP level 2. HP: 17/18 MP: 5/5
   985 | D:1      | Reached XP level 3. HP: 22/23 MP: 6/6
   989 | D:1      | Learned a level 3 spell: Spider Form
  1171 | D:2      | Reached skill level 4 in Unarmed Combat
  2046 | D:2      | Reached XP level 4. HP: 9/28 MP: 4/7
  2810 | D:3      | Found a shimmering blue altar of Sif Muna.
  3129 | D:3      | Reached XP level 5. HP: 33/33 MP: 5/8
  3253 | D:3      | Found a runed translucent gate.
  3254 | D:3      | Found a runed translucent gate.
  3254 | D:3      | Noticed bobkasz2's ghost (amateur MiFi)
  3264 | D:3      | Found a sparkling altar of Nemelex Xobeh.
  3341 | D:3      | You fall into a shaft and drop 3 floors!
  3345 | D:6      | Noticed Maggie
  3367 | D:5      | Entered Level 5 of the Dungeon
  3367 | D:5      | Noticed Pikel
  3369 | D:5      | Noticed a lemure
  3369 | D:5      | Noticed a lemure
  3369 | D:5      | Noticed a lemure
  3369 | D:5      | Noticed a lemure
  3386 | D:5      | Killed Pikel
  3387 | D:5      | Reached skill level 6 in Unarmed Combat
  3387 | D:5      | Reached skill level 1 in Poison Magic
  3387 | D:5      | Reached XP level 6. HP: 26/39 MP: 8/11
  3387 | D:5      | Reached XP level 7. HP: 29/44 MP: 8/12
  3604 | D:5      | Found an ancient bone altar of Kikubaaqudgha.
  3706 | D:5      | Found Dabbogon's Assorted Antiques.
  3715 | D:5      | Reached XP level 8. HP: 27/50 MP: 9/13
  3939 | D:5      | Noticed Sigmund
  4016 | D:5      | Reached skill level 1 in Throwing
  4016 | D:5      | Reached skill level 7 in Unarmed Combat
  4437 | D:5      | Found a staircase to the Ecumenical Temple.
  4446 | D:5      | Found Qaoc's Magic Scroll Emporium.
  4454 | Temple   | Entered the Ecumenical Temple
  4465 | Temple   | Became a worshipper of Gozag Ym Sagoz the Greedy
  4611 | D:5      | Bought a scroll of teleportation for 39 gold pieces
  4702 | D:5      | Bought a scroll of fear for 45 gold pieces
  4977 | D:5      | Found Itrial's Assorted Antiques.
  5044 | D:5      | Found Guffak's Magic Scroll Shoppe.
  5186 | D:5      | Killed Sigmund
  5349 | D:5      | Found Koipot Cath's Antique Weapon Shoppe.
  5729 | D:5      | Reached XP level 9. HP: 40/54 MP: 13/16
  5739 | D:5      | Reached skill level 8 in Unarmed Combat
  5739 | D:5      | Reached skill level 5 in Spellcasting
  5739 | D:5      | Reached skill level 5 in Transmutations
  6712 | D:4      | Noticed Natasha
  6720 | D:4      | Killed Natasha
  6927 | D:4      | Found Woed's Magic Scroll Shoppe.
  6934 | D:4      | Bought a scroll of identify for 20 gold pieces
  6951 | D:4      | Noticed Natasha
  6961 | D:4      | Killed Natasha
  7356 | D:4      | Noticed Natasha
  7363 | D:4      | Killed Natasha
  8370 | D:3      | Found a runed translucent gate.
  8883 | D:5      | Learned a level 4 spell: Ice Form
  9540 | D:6      | Slain by an orc warrior

Illustrated notes

Levels and vault maps discovered:
D:1:      minmay_arrival_plants_in_alcoves, layout_basic
D:2:      layout_basic, chequers_serial_rivers_micro_a
D:3:      layout_basic, mainiacjoe_overflow_catch_the_wave,
          biasface_ghost_orc_armoury
D:4:      layout_loops_ring, serial_shops, kennysheep_little_box, uniq_natasha
D:5:      minmay_opposing_rooms, layout_basic, nicolae_overflow_crystal_walls,
          minmay_temple_entry_glassed_door, serial_shops, nicolae_square_shop,
          shop_fountains, nicolae_shop_statue_plus, shop,
          nicolae_shop_behind_doors, minmay_manual_mess, uniq_sigmund,
          uniq_pikel
D:6:      layout_rooms, serial_bayou_pond_d, minmay_pentangle, uniq_maggie
Temple:   eino_temple_rhombus

Skill      XL: |  1  2  3  4  5  6  7  8  9 |
---------------+----------------------------+-----
Unarmed Combat | 4 6 7 8 |  8.9
Spellcasting   | 3 4 5 |  5.4
Transmutations | 3 4 5 |  5.7
Poison Magic   | 1 2 3 |  3.4
Dodging        | 3 4 |  4.0
Fighting       | 2 |  2.6
Throwing       | 1 |  1.0
Stealth        | |  0.7
Ice Magic      | |  0.4

Action                   |  1- 3 |  4- 6 |  7- 9 || total
-------------------------+-------+-------+-------++-------
Melee: Unarmed           |    95 |    47 |   303 ||   445
       Constrict         |    22 |     6 |    10 ||    38
       Tentacles         |     7 |     6 |    12 ||    25
       Punch             |     2 |     2 |     5 ||     9
Throw: Dart              |     6 |     2 |     3 ||    11
 Cast: Spider Form       |     1 |     4 |    38 ||    43
  Use: Scroll            |       |       |     2 ||     2
 Stab: Sleeping          |     5 |     1 |     7 ||    13
       Distracted        |       |       |     3 ||     3
Armor: Skin              |     6 |     1 |    19 ||    26
Dodge: Dodged            |    56 |    29 |   208 ||   293
